 Dungeon Crawl Stone Soup version 0.31.0-11-ge490571c62 (webtiles) character file.

Game seed: 13077313051189275041

13675 protoss039 the Fighter (level 11, 93/93 HPs)
             Began as a Demonspawn Earth Elementalist on Jan 28, 2024.
             Was a Priest of Vehumet.
             Got out of the dungeon alive.
             The game lasted 00:20:32 (10122 turns).

protoss039 the Fighter (DsEE)                      Turns: 10122, Time: 00:20:33

Health: 93/93      AC: 10    Str:  8    XL:     11   Next: 78%
Magic:  34/34      EV: 17    Int: 18    God:    Vehumet [***...]
Gold:   587        SH:  9    Dex: 14    Spells: 21/31 levels left

rFire   . . .        u - +3 quarterstaff (chaos)
rCold   . . .        (shield currently unavailable)
rNeg    . . .        y - +2 leather armour {Will+}
rPois   .            (helmet restricted)
rElec   .            i - +2 cloak
rCorr   .            P - +0 pair of gloves
SInv    .            E - +0 pair of boots
Will    +....        t - amulet of reflection
Stlth   ++           v - ring of magical power
HPRegen 0.35/turn    G - +5 ring of evasion
MPRegen 0.24/turn

%: reflection
@: no status effects
A: horns 1, foul stench 1, sturdy frame 2, condensation shield, dopey 1, passive
freeze
a: Renounce Religion


You escaped.
You worshipped Vehumet.
Vehumet was most pleased with you.
You visited 2 branches of the dungeon, and saw 16 of its levels.

You collected 587 gold pieces.

Inventory:

Hand Weapons
 c - a +2 hammer of draining
 j - a +2 scimitar of flaming
 u - a +3 quarterstaff of chaos (weapon)
 M - a +2 dagger of venom
Armour
 i - a +2 cloak (worn)
 y - a +2 leather armour of willpower (worn)
 E - a +0 pair of boots (worn)
 J - +0 steam dragon scales
 K - a +1 ring mail of fire resistance
 P - a +0 pair of gloves (worn)
Jewellery
 p - the amulet "Cemaost" {Spirit Regen+}
   (You found it on level 3 of the Dungeon)

   [amulet of guardian spirit]

   Spirit:    It causes incoming damage to be divided between your reserves of
   health and magic.
   Regen+:    It increases your rate of health regeneration.
 t - an amulet of reflection (around neck)
 v - a ring of magical power (left hand)
 G - a +5 ring of evasion (right hand)
Talismans
 d - a talisman of death
Wands
 x - a wand of flame (39)
 F - a wand of digging (7)
 I - a wand of paralysis (10)
Scrolls
 e - 3 scrolls of torment
 g - 3 scrolls of fear
 h - 4 scrolls of poison
 k - 2 scrolls of enchant weapon
 m - a scroll of revelation {unknown}
 n - 2 scrolls of fog
 r - a scroll of blinking {unknown}
 s - 2 scrolls of butterflies
 w - 2 scrolls of amnesia {unknown}
 A - a scroll of teleportation
 C - 3 scrolls of enchant armour
 N - a scroll of silence {unknown}
Potions
 a - a potion of degeneration {unknown}
 b - 2 potions of magic
 f - a potion of mutation
 l - a potion of invisibility {unknown}
 q - 2 potions of enlightenment {unknown}
 z - a potion of might {unknown}
 B - a potion of curing {unknown}
 D - 2 potions of attraction
 H - a potion of lignification {unknown}
Miscellaneous
 L - a phial of floods
 O - a sack of spiders (inert)


   Skills:
 + Level 11.4 Fighting
 - Level 3.0 Armour
 - Level 1.7 Dodging
 - Level 1.7 Stealth
 + Level 10.7 Spellcasting
 - Level 3.0 Conjurations
 - Level 9.1 Earth Magic


You had 21 spell levels left.
You knew the following spells:

 Your Spells              Type           Power      Damage    Failure   Level
a - Sandblast             Erth           84%        2d18      1%          1
b - Passwall              Erth           42%        N/A       1%          3
c - Stone Arrow           Conj/Erth      62%        3d10      1%          3
d - Static Discharge      Conj/Air       30%        3-5/arc   1%          2
e - Sting                 Conj/Alch      60%        1d6       1%          1

Your spell library contained the following spells:

 Spells                   Type           Power      Damage    Failure   Level
 Fulminant Prism          Conj/Alch      7%         3d6       11%         4
 Brom's Barrelling Bould  Conj/Erth      31%        2d5       1%          4
 Freeze                   Ice            36%        1d5       2%          1
 Hailstorm                Conj/Ice       15%        3d6       3%          3
 Frozen Ramparts          Ice            18%        1d3       6%          3
 Inner Flame              Hex/Fire       9%         N/A       6%          3
 Apportation              Tloc           18%        N/A       8%          1
 Necrotise                Necr           36%        1d5       8%          1
 Summon Small Mammal      Summ           36%        N/A       8%          1
 Call Imp                 Summ           18%        N/A       11%         2
 Sublimation of Blood     Necr           9%         N/A       11%         2
 Flame Wave               Conj/Fire      15%        2d7       11%         4
 Petrify                  Alch/Erth      26%        N/A       11%         4
 Sticky Flame             Fire/Alch      9%         2d5       19%         4
 Call Canine Familiar     Summ           9%         N/A       22%         3
 Fugue of the Fallen      Necr           9%         N/A       22%         3
 Ozocubu's Armour         Ice            9%         N/A       22%         3
 Sigil of Binding         Hex            9%         N/A       22%         3
 Dimensional Bullseye     Hex/Tloc       4%         N/A       58%         4
 Manifold Assault         Tloc           9%         N/A       58%         4
 Summon Hydra             Summ           4%         N/A       100%        7


Dungeon Overview and Level Annotations

Branches:
Dungeon (15/15)            Temple (1/1) D:4            Lair (0/5) D:9
    Orc: D:9-12      Vaults: D:13-14     Depths: D:15

Altars:
Ashenzari
Cheibriados
Dithmenos
Fedhas
Gozag
Hepliaklqana
Kikubaaqudgha
Makhleb
Nemelex Xobeh
Okawaru
Qazlal
Ru
Sif Muna
Trog
Uskayaw
Vehumet
Wu Jian
Xom
Yredelemnul

Shops:
D:4 [


Innate Abilities, Weirdness & Mutations

You have a pair of small horns on your head.
You may rarely emit foul miasma when damaged in melee.
Your movements are less encumbered by armour. (ER -4)
A meltable shield of frost defends you. (SH +4)
You are dopey. (Int -2)
A frigid envelope surrounds you and freezes all who hurt you.


Message History

No target in view!
There is an escape hatch in the ceiling here.
A mysterious force pulls you upwards. The hatch slams shut behind you.
You see here a +0 whip.
There is a stone staircase leading up here.
You climb upwards.
There is a stone staircase leading down here.
What level of the Dungeon? (default 10, ? - help)
There is a stone staircase leading up here.
You climb upwards.
There is a stone staircase leading down here.
There is a stone staircase leading up here.
You climb upwards.
There is a stone staircase leading down here.
You see here an amulet of the acrobat.
There is a stone staircase leading up here.
You climb upwards.
There is a stone staircase leading down here.
HP restored.
There is a stone staircase leading up here.
You climb upwards.
There is a stone staircase leading down here.
There is a stone staircase leading up here.
You climb upwards.
There is a stone staircase leading down here.
There is an open door here.
There is a stone staircase leading up here.
You climb upwards.
There is a stone staircase leading down here.
Things that are here:
a +0 club; a +0 club
There is a stone staircase leading up here.
You climb upwards.
There is a stone staircase leading down here.
There is a stone staircase leading up here.
You climb upwards.
There is a stone staircase leading down here.
You see here 4 stones.
There is a staircase leading out of the dungeon here.
You have escaped!

)#.### #..## ##.# .#.# #.##
#.# ...# #.# #.# ..## #####.#
#.# ..# ###.....##### #.# ..#
#.....##....######.## .##
#.....##..####..##..# ##
#..(>##...>##...###.# #
#...###.@.###.......#
#########....#....##....#####
............##...###..#.#
.########.#.#....##...#.#####
## ##.#.#...###.........# ##
#.(###..###..........# .#
#....+...##...##.....# .##
#....##..#....##.....# ..###
##...[)..##..##.......#


There were no monsters in sight!

Vanquished Creatures
  2 boulder beetles
  3 two-headed ogres
  2 centaur warriors (D:14)
  A manticore (D:14)
  A cyclops (D:11)
  An efreet (D:15)
  3 kobold demonologists (D:14)
  A freezing wraith (D:14)
  A hornet (D:8)
  3 trolls
  A wraith (D:10)
  3 wyverns
  6 yaks
  A basilisk (D:9)
  2 vampire mosquitoes (D:14)
  3 steam dragons
  Edmund (D:6)
  3 water moccasins
  2 ice beasts
  3 black bears
  3 orc warriors
  A sky beast (D:7)
  A centaur (D:9)
  3 ogres
  3 wolves (D:9)
  3 kobold brigands
  5 bullfrogs
  4 scorpions
  3 wights (D:10)
  5 killer bees (D:9)
  2 howler monkeys (D:8)
  4 crimson imps (D:5)
  A hound (D:5)
  Crazy Yiuf (D:2)
  5 orc priests
  2 jellies
  6 iguanas
  12 orc wizards
  Robin (D:3)
  6 gnolls
  5 adders
  2 white imps
  4 ufetubi
  2 dart slugs
  36 orcs
  4 ball pythons
  11 endoplasms
  5 giant cockroaches
  20 goblins
  8 hobgoblins
  16 kobolds
  4 quokkas
  2 bats
  4 frilled lizards
  6 rats
243 creatures vanquished.

Vanquished Creatures (collateral kills)
  An ugly thing (D:15)
1 creature vanquished.

Grand Total: 244 creatures vanquished

Notes
Turn   | Place    | Note
-------+----------+-------------------------------------------
     0 | D:1      | protoss039 the Demonspawn Earth Elementalist began the
                  | quest for the Orb.
     0 | D:1      | Reached XP level 1. HP: 13/13 MP: 3/3
    78 | D:1      | Gained mutation: You have a pair of small horns on your
                  | head. [demonic ancestry]
    78 | D:1      | Reached XP level 2. HP: 10/20 MP: 0/5
   224 | D:1      | Reached skill level 1 in Fighting
   511 | D:1      | Gained mutation: Your movements are slightly less
                  | encumbered by armour. (ER -2) [demonic ancestry]
   511 | D:1      | Reached XP level 3. HP: 25/26 MP: 4/6
  1332 | D:2      | Found a runed translucent door.
  1333 | D:2      | Noticed Crazy Yiuf
  1638 | D:3      | Identified the amulet "Cemaost" {Spirit Regen+}
  1649 | D:3      | Noticed Robin
  1723 | D:3      | Learned a level 3 spell: Passwall
  1889 | D:3      | Gained mutation: You are dopey. (Int -2) [potion of
                  | mutation]
  1889 | D:3      | Gained mutation: A frigid envelope surrounds you and
                  | freezes all who hurt you. [potion of mutation]
  1891 | D:3      | Reached skill level 2 in Fighting
  1929 | D:2      | Reached XP level 4. HP: 33/33 MP: 6/8
  2022 | D:3      | Killed Robin
  2105 | D:3      | Gained mutation: You may rarely emit foul miasma when
                  | damaged in melee. [demonic ancestry]
  2105 | D:3      | Reached XP level 5. HP: 39/39 MP: 9/9
  2155 | D:3      | Learned a level 3 spell: Stone Arrow
  2166 | D:3      | Reached skill level 3 in Fighting
  2736 | D:2      | Killed Crazy Yiuf
  2920 | D:4      | Reached XP level 6. HP: 37/47 MP: 8/11
  3044 | D:4      | Found Ypoecs's Armour Shop.
  3343 | D:4      | Found a staircase to the Ecumenical Temple.
  3367 | Temple   | Entered the Ecumenical Temple
  3517 | D:4      | Reached skill level 4 in Fighting
  3627 | D:5      | Entered Level 5 of the Dungeon
  3640 | D:5      | Gained mutation: Your movements are less encumbered by
                  | armour. (ER -4) [demonic ancestry]
  3640 | D:5      | Reached XP level 7. HP: 54/54 MP: 13/13
  3721 | D:5      | Found a hide-covered altar of Uskayaw.
  3776 | D:5      | Found a radiant altar of Vehumet.
  3810 | D:5      | Reached skill level 5 in Earth Magic
  3829 | D:5      | Became a worshipper of Vehumet
  4069 | D:5      | Found a shimmering altar of Xom.
  4115 | D:5      | Reached skill level 5 in Fighting
  4115 | D:5      | Reached skill level 5 in Spellcasting
  4176 | D:5      | Reached XP level 8. HP: 62/62 MP: 15/15
  4228 | D:6      | Noticed Edmund
  4238 | D:6      | Killed Edmund
  4305 | D:6      | Found a sparkling altar of Nemelex Xobeh.
  4415 | D:6      | Reached * piety under Vehumet
  4415 | D:6      | Offered knowledge of Foxfire by Vehumet.
  4760 | D:7      | Reached skill level 6 in Fighting
  4972 | D:7      | Noticed a troll
  4983 | D:7      | Killed a troll
  4984 | D:7      | Reached XP level 9. HP: 63/71 MP: 16/18
  5265 | D:8      | Reached skill level 7 in Fighting
  5464 | D:8      | Paralysed by a hornet for 1 turns
  5562 | D:8      | Noticed a two-headed ogre
  5566 | D:8      | Killed a two-headed ogre
  5645 | D:8      | Reached skill level 8 in Fighting
  6240 | D:9      | Found a staircase to the Lair.
  6244 | D:9      | Reached ** piety under Vehumet
  6244 | D:9      | Offered knowledge of Magic Dart by Vehumet.
  6249 | D:9      | Reached XP level 10. HP: 44/82 MP: 16/21
  6394 | D:9      | Found an ornate altar of the Wu Jian Council.
  6402 | D:9      | Noticed a two-headed ogre
  6412 | D:9      | Killed a two-headed ogre
  6529 | D:9      | Reached skill level 9 in Fighting
  7348 | D:9      | Offered knowledge of Static Discharge by Vehumet.
  7565 | D:9      | Learned a level 2 spell: Static Discharge
  7566 | D:10     | Entered Level 10 of the Dungeon
  7761 | D:10     | Reached skill level 1 in Armour
  7796 | D:10     | Noticed a two-headed ogre
  7805 | D:10     | Killed a two-headed ogre
  7918 | D:10     | Gained mutation: A meltable shield of frost defends you.
                  | (SH +4) [demonic ancestry]
  7918 | D:10     | Reached XP level 11. HP: 84/88 MP: 24/24
  7924 | D:10     | Reached *** piety under Vehumet
  8225 | D:11     | You fall into a shaft and drop 3 floors!
  8236 | D:14     | Noticed a centaur warrior
  8240 | D:14     | Killed a centaur warrior
  8241 | D:14     | Reached skill level 10 in Fighting
  8324 | D:14     | Noticed a centaur warrior
  8336 | D:14     | Killed a centaur warrior
  8414 | D:14     | Noticed a boulder beetle
  8421 | D:14     | Noticed an orc knight
  8432 | D:14     | Noticed a centaur warrior
  8440 | D:14     | Killed a boulder beetle
  8691 | D:14     | Learned a level 1 spell: Sting
  8700 | D:14     | Noticed a sixfirhy
  8718 | D:15     | Entered Level 15 of the Dungeon
  8812 | D:15     | Noticed a brown ugly thing
  8825 | D:15     | Noticed a deep elf pyromancer
  8886 | D:15     | Noticed an orc knight
  8902 | D:15     | Noticed a brown ugly thing
  8902 | D:15     | Noticed a brown ugly thing
  8902 | D:15     | Noticed a brown ugly thing
  8918 | D:15     | Killed a brown ugly thing
  8919 | D:15     | Reached skill level 10 in Spellcasting
  8935 | D:15     | Noticed an orc sorcerer
  8937 | D:15     | Noticed an orc knight
  9022 | D:14     | Noticed a soul eater
  9200 | D:14     | Offered knowledge of Fulminant Prism by Vehumet.
  9201 | D:14     | Reached skill level 11 in Fighting
  9210 | D:14     | Noticed a skeletal warrior
  9217 | D:13     | Noticed an eight-headed hydra
  9217 | D:13     | Found a bloodstained altar of Trog.
  9300 | D:13     | Identified the +3 scimitar of Instant Death {holy, Fly
                  | rCorr}
  9481 | D:11     | Noticed a boulder beetle
  9497 | D:11     | Killed a boulder beetle
 10122 | D:$      | Got out of the dungeon alive.

Illustrated notes

Levels and vault maps discovered:
D:1:      dpeg_arrival_long_road, layout_rooms
D:2:      layout_loops_ring, eino_tiny_chamber, uniq_crazy_yiuf_cottage
D:3:      layout_basic, uniq_robin
D:4:      layout_gridville, minmay_temple_entry_large_hall, serial_shops,
          nicolae_square_shop
D:5:      layout_cave_pools, gammafunk_temple_overflow_pools, led_xom_imps,
          mainiacjoe_overflow_alcove_2
D:6:      layout_cave_pools, nemelex_xobeh_ov_fountains_minmay, uniq_edmund
D:7:      layout_rooms, minmay_holes
D:8:      layout_basic
D:9:      layout_stronghold, nzn_wu_jian_council_hall, minmay_lair_entry_grove,
          minivault_25_ag
D:10:     layout_rooms, chequers_avenue
D:11:     layout_loops_corners, serial_shops, nicolae_book_shop_shelving,
          nzn_sisyphean_effort, uniq_urug
D:12:     layout_rooms, orc_0_dummy, enter_trove_3, minmay_fire_ice_demons,
          uniq_sonja
D:13:     layout_cave_pools, serial_park, serial_park_tiny_1, serial_park_paths
          [serial_park_minivault_5x5_4], serial_park_tiny_pond
D:14:     layout_rooms, david_vaults_5, ebering_dispersal_statue_hall,
          special_room [special_room_orc]
D:15:     gammafunk_enter_depths_forms, layout_rooms, serial_park_tiny_2
Temple:   nicolae_temple_superstar

Skill      XL: |  1  2  3  4  5  6  7  8  9 10 11 |
---------------+----------------------------------+-----
Fighting       | 1 2 3 4 5 6 8 9 11 | 11.4
Earth Magic    | 3 4 5 6 8 9 |  9.1
Spellcasting   | 3 4 5 6 7 9 10 | 10.7
Armour         | 1 3 |  3.0
Conjurations   | 3 |  3.0
Dodging        | |  1.7
Stealth        | |  1.7

Action                     |  1- 3 |  4- 6 |  7- 9 | 10-12 || total
---------------------------+-------+-------+-------+-------++-------
  Melee: Dagger            |    42 |    47 |       |       ||    89
         Headbutt          |     8 |    16 |    33 |    42 ||    99
         Quarterstaff      |       |    32 |   169 |   155 ||   356
   Cast: Sandblast         |    54 |     5 |       |    13 ||    72
         Stone Arrow       |       |       |     3 |    54 ||    57
         Passwall          |       |       |       |     5 ||     5
         Sting             |       |       |       |     4 ||     4
  Evoke: Sack of spiders   |       |       |       |     1 ||     1
    Use: Scroll            |     1 |       |       |    11 ||    12
         Potion            |     1 |       |       |       ||     1
   Stab: Sleeping          |       |     1 |     6 |     1 ||     8
         Petrified         |       |       |       |    10 ||    10
         Petrifying        |       |       |       |     1 ||     1
 Armour: Robe              |    50 |    55 |       |       ||   105
         Leather armour    |       |    11 |   129 |   163 ||   303
  Dodge: Dodged            |    48 |    45 |   179 |   219 ||   491
  Block: Other             |       |       |       |    40 ||    40
         Reflection        |       |       |       |     1 ||     1
